 Dungeon Sprint DCSS version 0.23.0-3-gf3c87f2 (webtiles) character file.

Game seed: 11123901289839693210

3231 nuthulu the Protected (level 9, -2/65 HPs)
             Began as a Gargoyle Fighter on Feb 21, 2019.
             Was a Priest of Okawaru.
             Slain by a killer bee (4 damage)
             ... in the Dungeon (Sprint III: "The Ten Rune Challenge").
             The game lasted 00:04:54 (1875 turns).

nuthulu the Protected (Gargoyle Fighter)            Turns: 1875, Time: 00:04:55

Health: -2/65      AC: 19    Str: 23    XL:     9   Next: 98%
Magic:  12/13      EV: 12    Int:  9    God:    Okawaru [***...]
Gold:   17         SH: 14    Dex:  9    Spells: 8/8 levels left

rFire    . . .     SeeInvis .   a - +0 flail
rCold    . . .     Gourm    .   c - +0 shield
rNeg     + . .     Faith    .   b - +0 scale mail
rPois    ∞         Spirit   .   (helmet restricted)
rElec    +         Reflect  .   d - +1 cloak {rPois}
rCorr    .         Harm     .   (no gloves)
MR       .....     NoTele   +   (no boots)
Stlth    +.........             (no amulet)
HPRegen  0.20/turn              (no ring)
MPRegen  0.13/turn              (no ring)

@: heroism
A: antennae 1, blink, negative energy resistance 1, electricity resistance, wild
magic 1, unbreathing, petrification resistance, rot immunity, AC +6
a: Blink, Heroism, Renounce Religion


You were in the Dungeon.
You worshipped Okawaru.
Okawaru was most pleased with you.
You were not hungry.

You visited 1 branch You collected 17 gold pieces.

Inventory:

Hand Weapons
 a - a +0 flail (weapon)
Armour
 b - a +0 scale mail (worn)
 c - a +0 shield (worn)
 d - a +1 cloak of poison resistance (worn)
Wands
 h - a wand of polymorph (11)
Scrolls
 k - 2 scrolls of blinking
 m - a scroll of holy word {unknown}
 o - 2 scrolls of remove curse
 r - a scroll of torment {unknown}
Potions
 e - a potion of curing
 i - 2 potions of magic
 p - 3 potions of flight
Comestibles
 f - 3 rations


   Skills:
 + Level 12.1(17.1) Fighting
 + Level 11.1(16.1) Maces & Flails
 + Level 12.2(17.2) Armour
 + Level 12.2(17.2) Shields
 - Level 6.6 Invocations


You had 8 spell levels left.
You didn't know any spells.
Your spell library contained the following spells:

 Spells                   Type           Power        Failure   Level  Hunger
 Confusing Touch          Hex            #.....       67%         1    ##.....
 Magic Dart               Conj           #...         67%         1    ##.....
 Blink                    Tloc           N/A          82%         2    ###....
 Call Imp                 Summ           #.......     82%         2    ###....
 Slow                     Hex            #.......     82%         2    ###....
 Confuse                  Hex            #.......     95%         3    ####...
 Conjure Flame            Conj/Fire      #.......     95%         3    ####...
 Gell's Gravitas          Tloc           #.........   95%         3    ####...
 Mephitic Cloud           Conj/Pois/Air  #.......     95%         3    ####...
 Petrify                  Tmut/Erth      #.......     100%        4    #####..
 Metabolic Englaciation   Hex/Ice        #.........   100%        5    ######.
 Yara's Violent Unravell  Hex/Tmut       #.........   100%        5    ######.


Dungeon Overview and Level Annotations

Branches:
Dungeon (1/1)

Altars:
Cheibriados
Dithmenos
Elyvilon
Fedhas
Gozag
Hepliaklqana
Kikubaaqudgha
Makhleb
Nemelex Xobeh
Okawaru
Qazlal
Ru
Sif Muna
Trog
Uskayaw
Vehumet
Wu Jian
Xom
Yredelemnul
Zin
The Shining One
Beogh
Jiyva
Lugonu


Innate Abilities, Weirdness & Mutations

You are resistant to torment.
Your stone body is resilient. (AC +6)
You are immune to poison.
You resist negative energy. (rN+)
You are resistant to electric shocks. (rElec)
You can survive without breathing.
You are immune to petrification.
You are immune to rotting.
You have a pair of small antennae on your head.
You can translocate small distances at will.
Your spells are a little harder to cast, but a little more powerful.


Message History

The killer bee stings you but does no damage. x4
You block the killer bee's attack.
Unknown command.
Unknown command.
You blink.
You feel slightly more hungry. You block the killer bee's attack.
The killer bee fails to trigger a net trap.
The killer bee barely misses you.
The killer bee stings you but does no damage.
The killer bee fails to trigger a net trap.
The killer bee stings you but does no damage.
The killer bee fails to trigger a net trap. x2
You block the killer bee's attack.
Unknown command.
Unknown command.
Okay, then.
You sock the killer bee!
The killer bee is almost dead.
The killer bee misses you. You block the killer bee's attack. x2
The killer bee stings you.
You die...

##########################
..#.#.#.).).#.^^..^'y.y≈y#
#..#.##.###.#.y....#
.#.#.##)#.†##.y.y.^#{
.#..#..##..'yyyyy..#{
▓▓▓▓▓▓▓▓▓▓▓#yyyy@..# { {


#^yyyyy.# +^.yy^..# #......^# ##+###### You could see 19 killer bees.

Vanquished Creatures
  Erolcha (D)
  A deep elf mage (D)
  A shadow (D)
  2 redbacks (D)
  A spatial vortex (D)
  A necrophage (D)
  5 two-headed ogres (D)
  A water elemental (D)
  5 killer bees (D)
  A wizard (D)
  Crazy Yiuf (D)
  A jelly (D)
  A necromancer (D)
  3 humans (D)
  A kobold demonologist (D)
  4 rats (D)
30 creatures vanquished.

Vanquished Creatures (others)
  2 draconian scorchers (D)
  6 hellions (D)
  3 yaktaurs (D)
11 creatures vanquished.

Grand Total: 41 creatures vanquished

Notes
Turn   | Place    | Note
-------+----------+-------------------------------------------
     0 | D        | nuthulu the Gargoyle Fighter began the quest for the Orb.
     0 | D        | Reached XP level 1. HP: 14/14 MP: 1/1
    64 | D        | Reached XP level 2. HP: 14/20 MP: 2/2
    98 | D        | Killed a hellion
   110 | D        | Killed a hellion
   128 | D        | Killed a yaktaur
   146 | D        | Noticed Crazy Yiuf
   170 | D        | Killed a white draconian scorcher
   176 | D        | Killed Crazy Yiuf
   176 | D        | Reached skill level 5 in Fighting
   176 | D        | Reached skill level 5 in Armour
   176 | D        | Reached skill level 5 in Shields
   176 | D        | Reached XP level 3. HP: 16/26 MP: 3/3
   226 | D        | Killed a hellion
   290 | D        | Killed a hellion
   303 | D        | Killed a hellion
   304 | D        | Gained mutation: You have a pair of small horns on your
                  | head. [potion of mutation]
   304 | D        | Gained mutation: You are clumsy. (Dex -2) [potion of
                  | mutation]
   304 | D        | Gained mutation: You can translocate small distances at
                  | will. [potion of mutation]
   305 | D        | Lost mutation: You have a pair of small horns on your head.
                  | [potion of mutation]
   305 | D        | Lost mutation: You are clumsy. (Dex -2) [potion of
                  | mutation]
   305 | D        | Gained mutation: You have a pair of small antennae on your
                  | head. [potion of mutation]
   305 | D        | Gained mutation: Your spells are a little harder to cast,
                  | but a little more powerful. [potion of mutation]
   359 | D        | Noticed a water elemental
   362 | D        | Killed a water elemental
   362 | D        | Reached XP level 4. HP: 32/32 MP: 4/4
   368 | D        | Killed a hellion
   379 | D        | Killed a white draconian scorcher
   420 | D        | Found a basalt altar of Yredelemnul.
   420 | D        | Found a shadowy altar of Dithmenos.
   420 | D        | Found a sacrificial altar of Ru.
   420 | D        | Noticed a necrophage
   425 | D        | Reached skill level 5 in Maces & Flails
   425 | D        | Reached XP level 5. HP: 35/36 MP: 5/5
   441 | D        | Killed a necrophage
   534 | D        | Found a hide-covered altar of Uskayaw.
   534 | D        | Found an iron altar of Okawaru.
   535 | D        | Found a roughly hewn altar of Beogh.
   535 | D        | Found a bloodstained altar of Trog.
   535 | D        | Found an ornate altar of the Wu Jian Council.
   535 | D        | Noticed a human
   535 | D        | Noticed a human
   574 | D        | Killed a yaktaur
   580 | D        | Killed a human
   580 | D        | Reached XP level 6. HP: 3/44 MP: 6/6
   586 | D        | Killed a human
   586 | D        | Reached XP level 7. HP: 25/50 MP: 7/7
   595 | D        | Became a worshipper of Warmaster Okawaru
   742 | D        | Found a glowing silver altar of Zin.
   742 | D        | Found a glowing golden altar of the Shining One.
   742 | D        | Found a white marble altar of Elyvilon.
   743 | D        | Noticed a deep elf mage
   772 | D        | Killed a deep elf mage
   772 | D        | Reached * piety under Okawaru
   772 | D        | Reached skill level 10 in Fighting
   772 | D        | Reached skill level 10 in Armour
   772 | D        | Reached skill level 10 in Shields
   772 | D        | Reached XP level 8. HP: 55/57 MP: 8/8
   783 | D        | Found a radiant altar of Vehumet.
   783 | D        | Found a deep blue altar of Sif Muna.
   783 | D        | Found an ancient bone altar of Kikubaaqudgha.
   786 | D        | Noticed a red devil
   788 | D        | Noticed a rust devil
   806 | D        | Noticed a shadow
   822 | D        | Killed a shadow
   889 | D        | Found a blossoming altar of Fedhas.
   889 | D        | Found a stormy altar of Qazlal.
   889 | D        | Found a snail-covered altar of Cheibriados.
   889 | D        | Found a burning altar of Makhleb.
   889 | D        | Found a shimmering altar of Xom.
   890 | D        | Found a hazy altar of Hepliaklqana.
   890 | D        | Found an opulent altar of Gozag.
   890 | D        | Found a sparkling altar of Nemelex Xobeh.
   890 | D        | Found a corrupted altar of Lugonu.
   890 | D        | Found a viscous altar of Jiyva.
  1124 | D        | Reached ** piety under Okawaru
  1265 | D        | Noticed a two-headed ogre
  1273 | D        | Killed a yaktaur
  1275 | D        | Killed a two-headed ogre
  1275 | D        | Reached XP level 9. HP: 28/64 MP: 10/12
  1410 | D        | Noticed a two-headed ogre
  1410 | D        | Noticed Erolcha
  1422 | D        | Killed Erolcha
  1422 | D        | Reached *** piety under Okawaru
  1422 | D        | Reached skill level 10 in Maces & Flails
  1431 | D        | Killed a two-headed ogre
  1855 | D        | HP: 2/65 [killer bee (4)]
  1867 | D        | HP: 3/65 [killer bee (1)]
  1875 | D        | Slain by a killer bee

Skill      XL: |  1  2  3  4  5  6  7  8  9 |
---------------+----------------------------+-----
Fighting       | 4 5 6 8 10 11 12 | 12.1
Maces & Flails | 3 4 5 7 8 9 11 | 11.1
Armour         | 4 5 6 8 10 11 12 | 12.2
Shields        | 4 5 6 8 10 11 12 | 12.2
Invocations    | 4 6 |  6.6

Action                   |  1- 3 |  4- 6 |  7- 9 || total
-------------------------+-------+-------+-------++-------
Melee: Flail             |    45 |    65 |   165 ||   275
Invok: Heroism           |       |       |     6 ||     6
 Abil: Blink             |       |       |     3 ||     3
  Use: Potion            |     5 |     1 |     1 ||     7
       Scroll            |     3 |       |       ||     3
  Eat: Ration            |       |       |     1 ||     1
       Chunk             |       |       |     1 ||     1
Armor: Scale mail        |    14 |    22 |    99 ||   135
Dodge: Dodged            |     8 |    20 |    98 ||   126
Block: Shield            |    19 |    30 |   172 ||   221
